 Dungeon Crawl Stone Soup version 0.28-a0-674-gdaf460b524 (webtiles) character file.

Game seed: 16442545060819445060

2375 RepHenryClay the Destroyer (level 9, -17/51 HPs)
             Began as an Octopode Conjurer on Oct 17, 2021.
             Demolished by Harold (23 damage)
             ... on level 7 of the Dungeon on Oct 18, 2021.
             The game lasted 00:14:40 (9575 turns).

RepHenryClay the Destroyer (Octopode Conjurer)      Turns: 9575, Time: 00:14:40

Health: -17/51     AC:  1    Str:  6    XL:     9   Next: 45%
Magic:  4/12       EV: 15    Int: 26    God:
Gold:   232        SH:  5    Dex: 12    Spells: 2/12 levels left

rFire   + . .      SeeInvis .   x - +5 mace of Overwhelming Force {freeze, rF+ Int+4}
rCold   . . .      Faith    .   (no shield)
rNeg    + . .      Spirit   .   (helmet restricted)
rPois   .          Reflect  +   k - amulet of reflection
rElec   .          Harm     .   i - ring of positive energy
rCorr   .          Rampage  .   C - ring of wizardry
Will    .....                   (no ring)
Stlth   +++.......              (no ring)
HPRegen 0.17/turn               (no ring)
MPRegen 0.13/turn               (no ring)
                                (no ring)
                                (no ring)

@: brilliant
A: almost no armour, amphibious, 8 rings, camouflage 1, gelatinous body 1,
(nimble swimmer 1), tentacles
a: no special abilities


You were on level 7 of the Dungeon.
You visited 1 branch of the dungeon, and saw 7 of its levels.

You collected 232 gold pieces.

Inventory:

Hand Weapons
 a - a +2 mace of venom
 h - a +0 dagger of pain
 x - the +5 mace of Overwhelming Force (weapon) {freeze, rF+ Int+4}
   (You found it on level 6 of the Dungeon)

   It freezes those it strikes, dealing additional cold damage.
   It can also slow down cold-blooded creatures.
   Int:       It affects your intelligence (+4).
   rF:        It protects you from fire.
 B - a +0 dagger of speed
Jewellery
 i - a ring of positive energy (left tentacle)
 k - an amulet of reflection (around mantle)
 n - the amulet "Hukhesoh" {Acrobat rElec rN+}
   (You found it on level 4 of the Dungeon)

   [amulet of the acrobat]

   It increases your evasion while moving and waiting.
   rElec:     It insulates you from electricity.
   rN:        It protects you from negative energy.
 A - a ring of ice
 C - a ring of wizardry (right tentacle)
Wands
 r - a wand of iceblast (9)
 w - a wand of paralysis (11)
Scrolls
 b - a scroll of torment {unknown}
 d - 7 scrolls of identify {unknown}
 e - 2 scrolls of blinking {unknown}
 f - a scroll of summoning {unknown}
 o - a scroll of amnesia {unknown}
 p - a scroll of immolation {unknown}
 q - 2 scrolls of enchant weapon {unknown}
 u - a scroll of noise {unknown}
 v - a scroll of teleportation {unknown}
 y - a scroll of vulnerability {unknown}
Potions
 c - 2 potions of brilliance
 g - 3 potions of curing {unknown}
 j - 2 potions of magic {unknown}
 l - 2 potions of cancellation {unknown}
 m - a potion of ambrosia {unknown}
 s - a potion of invisibility {unknown}
 t - a potion of heal wounds {unknown}
 z - a potion of degeneration {unknown}


   Skills:
 - Level 7.4 Dodging
 - Level 3.1 Stealth
 - Level 2.2 Spellcasting
 - Level 10.3 Conjurations
 + Level 1.3 Translocations
 + Level 2.2 Earth Magic


You had 2 spell levels left.
You knew the following spells:

 Your Spells              Type           Power      Damage    Failure   Level
a - Magic Dart            Conj           100%       1d8       1%          1
b - Searing Ray           Conj           100%       2d8       1%          2
c - Stone Arrow           Conj/Erth      100%       3d13      1%          3
d - Iskenderun's Mystic   Conj/Tloc      49%        2d11      4%          4

Your spell library contained the following spells:

 Spells                   Type           Power      Damage    Failure   Level
 Sandblast                Erth           44%        2d11      1%          1
 Passwall                 Tmut/Erth      10%        N/A       4%          2
 Dazzling Flash           Conj/Hex       88%        N/A       1%          3
 Fulminant Prism          Conj/Hex       22%        3d13      4%          4
 Gell's Gravitas          Tloc           7%         N/A       8%          3
 Teleport Other           Tloc           14%        N/A       8%          3
 Dispersal                Tloc           7%         N/A       97%         6


Dungeon Overview and Level Annotations

Branches:
Dungeon (7/15)
 Temple: D:4-7

Altars:
Dithmenos
Fedhas
Uskayaw
Yredelemnul
The Shining One

Shops:
D:2 !   D:5 (   D:6 =

Annotations:
D:7 Harold


Innate Abilities, Weirdness & Mutations

You cannot wear most types of armour.
You are amphibious.
You can wear up to eight rings at the same time.
Your skin changes colour to match your surroundings (Stealth+).
Your rubbery body absorbs attacks. (AC +1, EV +1)
((You are camouflaged near water. (Stealth+)))
You have tentacles for arms and can constrict up to eight enemies at once.


Message History

Press: ? - help, Shift-Dir - straight line, f - shadow imp
Aim: a shadow imp (asleep, 100% to hit)
The searing ray hits the shadow imp!
The shadow imp is almost dead.
The shadow imp shouts, "Get thee gone, thou obnoxious guts-griping serf!" (Press . to maintain the ray.)
You hear a shout!
The searing ray hits the shadow imp!
You kill the shadow imp!
Harold the Weathered comes into view.
He is wielding a +1 vorpal halberd.
Okay, then.
Casting: Searing Ray (safe; 1% risk of failure)
Confirm with . or Enter, or press ? or * to list all spells.
Aiming: Stone Arrow (safe; 1% risk of failure)
Press: ? - help, Shift-Dir - straight line, f - Harold
Aim: Harold, wielding a +1 vorpal halberd, wearing a +0 chain mail and quivering 3 throwing nets (88% to hit)
The stone arrow hits Harold!
Harold is lightly wounded.
Casting: Stone Arrow (safe; 1% risk of failure)
Confirm with . or Enter, or press ? or * to list all spells.
Aiming: Stone Arrow (safe; 1% risk of failure)
Press: ? - help, Shift-Dir - straight line, f/p - Harold
Aim: Harold, wielding a +1 vorpal halberd, wearing a +0 chain mail and quivering 3 throwing nets (lightly wounded, 88% to hit)
The stone arrow misses Harold.
Harold fires a harpoon shot at you. The harpoon shot hits you!
You are yanked forward by the harpoon shot.
Huge Dmg: -29%(-15hp) hp: 71%(36hp) Harold fires a harpoon shot at you.
The harpoon shot hits you!
* * * LOW HITPOINT WARNING * * *
You are yanked forward by the harpoon shot.
Huge Dmg: -31%(-16hp) hp: 40%(20hp) Harold hits you from afar with a +1 vorpal halberd!
* * * LOW HITPOINT WARNING * * *
x2 Huge Dmg: -28%(-14hp) hp: 12%(6hp) It was a potion of brilliance.
You feel clever all of a sudden.
Harold hits you from afar with a +1 vorpal halberd!!
You die...

####
#..
#@#
#.#
#@#
#<#
#.#
#..
####


You could see Harold.

Vanquished Creatures
  Sigmund (D:6)
  Duvessa (D:4)
  A sky beast (D:6)
  2 ice beasts
  5 ogres
  A necrophage (D:4)
  2 phantoms
  A kobold brigand (D:6)
  A scorpion (D:4)
  Dowan (D:4)
  2 water moccasin skeletons
  4 wights
  A centaur zombie (D:6)
  A gnoll shaman (D:7)
  A hound (D:7)
  2 centaur skeletons
  4 orc priests
  2 bullfrog skeletons
  3 iguanas
  2 orc wizards
  A killer bee zombie (D:6)
  2 hound skeletons (D:4)
  5 adders
  8 gnolls
  A shadow imp (D:7)
  2 adder skeletons (D:4)
  A worm (D:2)
  4 dart slugs
  15 orcs
  11 endoplasms
  9 goblins
  15 hobgoblins
  2 jackals (D:3)
  3 quokkas
  9 ball pythons
  4 bats
  2 frilled lizards
  12 kobolds
  8 rats
152 creatures vanquished.

Notes
Turn   | Place    | Note
-------+----------+-------------------------------------------
     0 | D:1      | RepHenryClay the Octopode Conjurer began the quest for the
                  | Orb.
     0 | D:1      | Reached XP level 1. HP: 11/11 MP: 3/3
   231 | D:1      | Reached XP level 2. HP: 17/17 MP: 0/5
   302 | D:1      | Learned a level 2 spell: Searing Ray
   623 | D:1      | Reached XP level 3. HP: 21/21 MP: 2/6
  1355 | D:1      | Noticed a great orb of eyes
  1357 | D:1      | Found a faded altar of an unknown god.
  1359 | D:1      | Noticed a shining eye
  1359 | D:1      | Noticed a golden eye
  1359 | D:1      | Noticed a floating eye
  1484 | D:2      | Learned a level 3 spell: Stone Arrow
  1625 | D:2      | Found Imurch's Distillery.
  1947 | D:2      | Reached skill level 5 in Conjurations
  2349 | D:2      | Reached XP level 4. HP: 21/27 MP: 7/7
  2537 | D:2      | You fall into a shaft and drop 1 floor!
  2590 | D:3      | Found a hide-covered altar of Uskayaw.
  2981 | D:3      | Found a basalt altar of Yredelemnul.
  2983 | D:3      | Found a blossoming altar of Fedhas.
  3814 | D:3      | Reached XP level 5. HP: 31/31 MP: 3/8
  4205 | D:3      | Reached skill level 6 in Conjurations
  4613 | D:4      | Noticed a phantom
  4618 | D:4      | Killed a phantom
  4619 | D:4      | Reached XP level 6. HP: 36/36 MP: 2/9
  4694 | D:4      | Noticed Duvessa
  4694 | D:4      | Noticed Dowan
  4716 | D:4      | Killed Duvessa
  4717 | D:4      | Reached skill level 7 in Conjurations
  4801 | D:4      | Killed Dowan
  4925 | D:4      | Reached skill level 8 in Conjurations
  4925 | D:4      | Reached XP level 7. HP: 41/41 MP: 5/10
  5288 | D:4      | Identified the amulet "Hukhesoh" {Acrobat rElec rN+}
  5997 | D:4      | Found a glowing golden altar of the Shining One.
  6229 | D:4      | Reached XP level 8. HP: 46/46 MP: 8/11
  6323 | D:5      | Entered Level 5 of the Dungeon
  6326 | D:5      | Found Joposmoe's Antique Weapon Boutique.
  6990 | D:5      | Reached skill level 5 in Dodging
  6990 | D:5      | Reached skill level 9 in Conjurations
  7337 | D:5      | Found a shadowy altar of Dithmenos.
  7630 | D:6      | Identified the +5 mace of Overwhelming Force {freeze, rF+
                  | Int+4}
  7943 | D:6      | Noticed Sigmund
  7952 | D:6      | Killed Sigmund
  8040 | D:6      | Reached XP level 9. HP: 48/51 MP: 2/12
  8156 | D:6      | Reached skill level 10 in Conjurations
  8230 | D:6      | Found Raeloumo's Jewellery Emporium.
  8746 | D:6      | Learned a level 4 spell: Iskenderun's Mystic Blast
  8811 | D:6      | Reached skill level 1 in Earth Magic
  9364 | D:7      | Reached skill level 1 in Translocations
  9570 | D:7      | Noticed Harold
  9575 | D:7      | Demolished by Harold

Illustrated notes

Levels and vault maps discovered:
D:1:      elethiomel_arrival_infinity_welcomes_careful_drivers,
          layout_loops_cross, hellmonk_ecumenical_altar_watching_god,
          minmay_hexomino_p4
D:2:      layout_basic, serial_shops, shop, lemuel_flame_loot_1
D:3:      layout_loops_corners, nicolae_uskayaw_dance_hall,
          mainiacjoe_overflow_catwalk_spiral, serial_glass, glass_columns_a,
          glass_columns_c, glass_columns_a, glass_columns_a,
          due_unseen_surprise, minmay_strange_pillars, minmay_between
D:4:      layout_basic, minmay_ruined_shrine, uniq_duvessa
D:5:      layout_loops_corners, old_standard_altar, serial_shops,
          nicolae_shop_temple_entry_statues_fountains, chequers_arboretum
D:6:      layout_basic, serial_shops, shop, uniq_sigmund
D:7:      layout_loops_cross, gammafunk_temple_overflow_arena,
          mainiacjoe_overflow_concentric_impassable,
          minmay_temple_entry_nine_rooms, dk_noncrumbling_2,
          uniq_crazy_yiuf_cottage, uniq_maggie, uniq_harold

Skill      XL: |  1  2  3  4  5  6  7  8  9 |
---------------+----------------------------+-----
Stealth        | 3 |  3.1
Conjurations   | 5 6 8 9 10 | 10.3
Dodging        | 4 6 7 |  7.4
Earth Magic    | 2 |  2.2
Translocations | 1 |  1.3
Spellcasting   | |  2.2

Action                   |  1- 3 |  4- 6 |  7- 9 || total
-------------------------+-------+-------+-------++-------
Melee: Unarmed           |    29 |       |       ||    29
       Constrict         |     9 |     7 |    10 ||    26
       Tentacles         |     4 |     3 |    11 ||    18
       Dagger            |     5 |    37 |    25 ||    67
       Mace              |       |       |    32 ||    32
 Cast: Magic Dart        |    64 |    40 |    68 ||   172
       Searing Ray       |     3 |    10 |    36 ||    49
       Iskenderun's Myst |       |       |     5 ||     5
       Stone Arrow       |       |       |     2 ||     2
  Use: Potion            |       |       |     1 ||     1
 Stab: Sleeping          |     3 |     3 |     1 ||     7
Armor: Skin              |     3 |     1 |     3 ||     7
Dodge: Dodged            |    21 |    26 |    59 ||   106
Block: Other             |       |     5 |    18 ||    23
       Reflection        |       |       |     1 ||     1

Table legend: (Time is in decaauts)
 A = Elapsed time spent in this place.
 B = Non-inter-level travel time spent in this place.
 C = Inter-level travel time spent in this place.
 D = Time resting spent in this place.
 E = Time spent auto-exploring this place.
 F = Levels seen in this place.
 G = Mean time per level.
                   A        B        C        D        E       F      G
               +--------+--------+--------+--------+--------+-----+--------+
         Total |   9591 |   9392 |    199 |   1703 |   6667 |   7 | 1370.1 |
       Dungeon |   9591 |   9392 |    199 |   1703 |   6667 |   7 | 1370.1 |
               +--------+--------+--------+--------+--------+-----+--------+

Top non-repeatable levels by time:
     D:6: 2005 daAuts
     D:4: 1714 daAuts
     D:3: 1655 daAuts
     D:1: 1479 daAuts
     D:2: 1477 daAuts
     D:5: 1208 daAuts
     D:7: 51 daAuts
